 Dungeon Crawl Stone Soup version 0.23-a0-767-gdc19b93d68 (webtiles) character file.

121 EnegeticOcto the Caller (level 5, 0/45 HPs)
             Began as a Ghoul Summoner on Jan 21, 2019.
             Was an Initiate of Okawaru.
             Slain by an orc warrior
             ... wielding a +0 hand axe
              (16 damage)
             ... on level 3 of the Dungeon.
             The game lasted 00:03:56 (2000 turns).

EnegeticOcto the Caller (Ghoul Summoner)            Turns: 2000, Time: 00:03:56

Health: 0/45       AC:  5    Str: 13    XL:     5   Next: 5%
Magic:  6/6        EV: 16    Int: 10    God:    Okawaru [......]
Gold:   97         SH:  0    Dex: 14    Spells: 6/7 levels left

rFire    . . .     SeeInvis .     - Unarmed
rCold    + . .     Gourm    .   (no shield)
rNeg     + + +     Faith    .   e - +0 ring mail
rPois    ∞         Spirit   .   (no helmet)
rElec    .         Reflect  .   (no cloak)
rCorr    .         Harm     .   (no gloves)
MR       .....                  (no boots)
Stlth    ++........             (no amulet)
HPRegen  0.00/turn              (no ring)
MPRegen  0.10/turn              (no ring)

@: agile, flying, rotting
A: rotting body, claws 1, carnivore, cold resistance 1, negative energy
resistance 3, inhibited regeneration, torment resistance, unbreathing
a: Renounce Religion


You were on level 3 of the Dungeon.
You worshipped Okawaru.
Okawaru was noncommittal.
You were not hungry.

You visited 1 branch of the dungeon, and saw 3 of its levels.

You collected 97 gold pieces.

Inventory:

Armour
 e - a +0 ring mail (worn)
Scrolls
 b - a scroll of remove curse {unknown}
 i - 2 scrolls of identify {unknown}
 j - a scroll of magic mapping {unknown}
Comestibles
 c - 3 rations


   Skills:
 + Level 3.3 Fighting
 - Level 1.7 Dodging
 - Level 2.1 Stealth
 + Level 3.3 Unarmed Combat
 - Level 1.7 Spellcasting
 - Level 3.6 Summonings


You had 6 spell levels left.
You knew the following spells:

 Your Spells              Type           Power        Failure   Level  Hunger
a - Summon Small Mammal   Summ           #...         16%         1    ##.....

Your spell library contained the following spells:

 Spells                   Type           Power        Failure   Level  Hunger
 Call Imp                 Summ           #.......     24%         2    ###....
 Call Canine Familiar     Summ           #.......     43%         3    ####...
 Summon Guardian Golem    Hex/Summ       #.......     71%         3    ####...
 Summon Ice Beast         Ice/Summ       #.......     98%         4    #####..
 Summon Lightning Spire   Summ/Air       #.......     98%         4    #####..


Dungeon Overview and Level Annotations

Branches:
Dungeon (3/15)

Altars:
Dithmenos
Hepliaklqana
Okawaru


Innate Abilities, Weirdness & Mutations

Your body is rotting away.
You thrive on raw meat.
You are immune to poison.
You have sharp fingernails.
You are carnivorous and can eat meat at any time.
Your flesh is cold resistant. (rC+)
You are immune to negative energy. (rN+++)
You do not regenerate when monsters are visible.
You are immune to unholy pain and torment.
You can survive without breathing.


Message History

You scratch the gnoll.
The gnoll is moderately wounded.
The gnoll misses you.
You barely miss the gnoll.
The gnoll is moderately wounded.
The gnoll misses you.
You scratch the gnoll.
The gnoll is heavily wounded.
The gnoll misses you.
You scratch the gnoll.
The gnoll is almost dead.
The gnoll closely misses you.
You scratch the gnoll.
You kill the gnoll!
Okawaru accepts your kill.
You have reached level 5!
You feel stronger.
You barely miss the orc warrior.
The orc warrior hits you with a +0 hand axe!
You die...

#.##..J.)..# #.#...####.#
#.#..###.#.# #.#<.....#.#
##.######.#.#
##.....>..#'####
######.........# ########
.........))....#####......###
...............'@og........>.
######.........####.......#
#.........# #..÷....#
#.........# #.......#
#.........# #.......#
#.........# #.......#
########### #.####'######.#
#.# #........# #######
#########.####.........


You could see an orc warrior and a goblin.

Vanquished Creatures
  A jelly (D:3)
  A hound skeleton (D:3)
  A gnoll (D:3)
  An adder (D:2)
  4 leopard geckos
  2 orcs (D:3)
  7 bats
  2 giant cockroaches
  8 goblins
  4 hobgoblins (D:2)
  7 jackals
  2 ball pythons (D:1)
  3 frilled lizards (D:2)
  4 kobolds
  5 rats
52 creatures vanquished.

Notes
Turn   | Place    | Note
-------+----------+-------------------------------------------
     0 | D:1      | EnegeticOcto the Ghoul Summoner began the quest for the
                  | Orb.
     0 | D:1      | Reached XP level 1. HP: 14/14 MP: 2/2
   139 | D:1      | Reached skill level 1 in Fighting
   139 | D:1      | Reached skill level 1 in Unarmed Combat
   139 | D:1      | Reached XP level 2. HP: 17/23 MP: 3/3
   616 | D:1      | Reached XP level 3. HP: 24/29 MP: 4/4
   970 | D:2      | Found an iron altar of Okawaru.
  1010 | D:2      | Became a worshipper of Warmaster Okawaru
  1161 | D:2      | Found a hazy altar of Hepliaklqana.
  1250 | D:2      | Reached XP level 4. HP: 37/37 MP: 5/5
  1588 | D:3      | Found a shadowy altar of Dithmenos.
  1959 | D:3      | Noticed an orc warrior
  1999 | D:3      | Reached XP level 5. HP: 16/45 MP: 6/6
  2000 | D:3      | Slain by an orc warrior

Vault maps used:
D:1:      lemuel_arrival_lava_pool, chequers_jeans,
          hangedman_abyss_or_decor_stabs, chequers_garden
D:2:      lemuel_coloured_pillars_altar, first_ration, okawaru_metal_pillars_3
D:3:      minmay_octagon_keep, lemuel_statue_altar, uniq_robin,
          uniq_crazy_yiuf_cottage, uniq_ijyb

Skill      XL: |  1  2  3  4 |
---------------+-------------+-----
Fighting       | 1 2 3 |  3.3
Unarmed Combat | 1 2 3 |  3.3
Dodging        | |  1.7
Stealth        | |  2.1
Spellcasting   | |  1.7
Summonings     | |  3.6

Action                   |  1- 3 |  4- 6 || total
-------------------------+-------+-------++-------
Melee: Unarmed           |   159 |    45 ||   204
  Use: Potion            |       |     4 ||     4
 Stab: Sleeping          |       |     1 ||     1
  Eat: Chunk             |    15 |     8 ||    23
Armor: Robe              |    12 |       ||    12
       Ring mail         |    84 |    15 ||    99
Dodge: Dodged            |    99 |    23 ||   122

Table legend:
 A = Non-vault XP
 B = Vault XP
 C = Vault XP percentage of total XP
 D = Non-vault monster count
 E = Vault monster count
 F = Vault count percentage of total count
                 A         B        C        D         E       F
            +---------+---------+-------+---------+---------+-------
      Total |     159 |      14 |   8.1 |      51 |       1 |   1.9
            +---------+---------+-------+---------+---------+-------
        D:1 |      34 |       0 |   0.0 |      20 |       0 |   0.0
        D:2 |      50 |       0 |   0.0 |      22 |       0 |   0.0
        D:3 |      75 |      14 |  15.7 |       9 |       1 |  10.0
            +---------+---------+-------+---------+---------+-------
